[Event "Titled Tuesday Blitz December 20 Early 2022"]
[White "Ezat, Mohamed"]
[Black "Jasko, Pavel"]
[WhiteFideId "10600906"]
[BlackFideId "980463"]
[WhiteElo "2402"]
[BlackElo "1693"]
[Result "0-1"]
[Round "11"]
[TimeControl "180+2"]
[Date "2022.12.20"]
[WhiteClock "0:00:05"]
[BlackClock "0:00:04"]

1. e4 c5 2. d4 cxd4 3. c3 Nf6 4. e5 Nd5 5. Nf3 e6 6. Bc4 d6 7. O-O Nc6 8. Re1 dxe5 9. Nxe5 Nxe5 10. Rxe5 Bd6 11. Rg5 O-O 12. Qxd4 Qf6 13. Bxd5 Qxd4 14. cxd4 exd5 15. Rxd5 Bc7 16. Nc3 Be6 17. Rh5 g6 18. Rb5 Bb6 19. Be3 Bc4 20. Rb4 Bd3 21. d5 Ba5 22. Rxb7 Bxc3 23. bxc3 Rfd8 24. Bxa7 Rxd5 25. Bd4 Bc4 26. a4 Rdd8 27. a5 Rdc8 28. h4 h5 29. Kh2 Ra6 30. Rb6 Kf8 31. Rxa6 Bxa6 32. Rb1 Ke7 33. Rb6 Ra8 34. Kg3 Ke8 35. Kf4 Kd7 36. Kg5 Ke7 37. g3 Bc4 38. Rb7+ Ke6 39. Rb6+ Ke7 40. f4 Rxa5+ 41. Be5 Be6 42. Rb7+ Bd7 43. Kh6 Ke6 44. Kg7 Rd5 45. Rb6+ Kf5 46. Rf6+ Kg4 47. Kxf7 Kxg3 48. Ke7 Bf5 49. c4 Rc5 50. Rd6 Rxc4 51. Rd1 Kxh4 52. Rg1 Kh3 53. Kf6 Rc6+ 54. Kg5 Kh2 55. Ra1 Kh3 56. Ra2 h4 57. Ra3+ Kg2 58. Kxh4 Rc1 59. Rg3+ Kf2 60. Bd4+ Ke2 61. Re3+ Kd2 62. Kg3 Rg1+ 63. Kf2 Rg4 64. Be5 Rh4 65. Ra3 Rh2+ 66. Kf1 Rh1+ 67. Kg2 Rh7 68. Kf2 Be4 69. Ra2+ Kd3 70. Ra3+ Kc4 71. Rc3+ Kd5 72. Rc1 Ke6 73. Ke3 Kf5 74. Kd4 Rh3 75. Rg1 Rd3+ 76. Kc4 Ke6 77. Rg5 Rd8 78. Rg3 Bf5 79. Kc5 Rc8+ 80. Kd4 Rd8+ 81. Ke3 Rd1 82. Kf2 Kd5 83. Ke2 Rb1 84. Rc3 Ke4 85. Rc4+ Kd5 86. Rc3 Be4 87. Ra3 Ke6 88. Ke3 Kf5 89. Ra6 Rh1 90. Kf2 Rh2+ 91. Ke3 Rh3+ 92. Ke2 Bd3+ 93. Kf2 Bxa6 94. Kg2 Rb3 95. Kf2 Kg4 96. f5 gxf5 97. Bd4 f4 98. Be3 fxe3+ 99. Kg1 Kg3 100. Kh1 Rb1# 0-1


[Site "https://www.chess.com"]

[Event "Titled Tuesday Blitz December 20 Early 2022"]
[White "FaustinoOro"]
[Black "Devallee, Jeremie"]
[BlackFideId "665240"]
[WhiteElo "2633"]
[BlackElo "2204"]
[Result "1-0"]
[Round "11"]
[TimeControl "180+2"]
[Date "2022.12.20"]
[WhiteClock "0:00:31"]
[BlackClock "0:00:03"]

1. e4 c6 2. d4 d5 3. e5 c5 4. dxc5 e6 5. Nf3 Bxc5 6. a3 Ne7 7. b4 Bb6 8. Bb2 Ng6 9. Bd3 a5 10. O-O O-O 11. Nbd2 Nf4 12. Nb3 Nxd3 13. Qxd3 a4 14. Nbd2 Nc6 15. c4 Ne7 16. Rfd1 Bd7 17. Rac1 Rc8 18. Qe2 h6 19. cxd5 Nxd5 20. Ne4 Rxc1 21. Bxc1 Qe7 22. Nd6 Bc6 23. Qe1 Bc7 24. Ne4 Rd8 25. h3 Bb5 26. Nd4 Bc4 27. Nc5 Ra8 28. Qe4 b6 29. Nd3 Nc3 30. Qxa8+ Bd8 31. Nc6 Bd5 32. Nxe7+ Kh7 1-0


[Site "https://www.chess.com"]

[Event "Titled Tuesday Blitz December 20 Early 2022"]
[White "Felix-Rose"]
[Black "APOKALIPSA13"]
[WhiteElo "2299"]
[BlackElo "2220"]
[Result "0-1"]
[Round "11"]
[TimeControl "180+2"]
[Date "2022.12.20"]
[WhiteClock "0:00:02"]
[BlackClock "0:00:10"]

1. e4 e5 2. Nf3 f5 3. Nxe5 Qf6 4. d4 d6 5. Nc4 fxe4 6. Nc3 Qg6 7. f3 exf3 8. Qxf3 Nc6 9. Nb5 Bg4 10. Qe3+ Kd7 11. Bd3 Qh5 12. O-O a6 13. Nc3 Re8 14. Qf2 Nf6 15. h3 Be6 16. Bd2 b5 17. Ne3 Nxd4 18. Rae1 c5 19. Nf5 Bxf5 20. Rxe8 Nxe8 21. g4 Bxg4 22. hxg4 Qxg4+ 23. Qg2 Qxg2+ 24. Kxg2 Nc7 25. Rf7+ Kc8 26. Be3 b4 0-1


[Site "https://www.chess.com"]

[Event "Titled Tuesday Blitz December 20 Early 2022"]
[White "Firouzja, Alireza"]
[Black "FairChess_on_YouTube"]
[WhiteFideId "12573981"]
[WhiteElo "2785"]
[BlackElo "3072"]
[Result "1-0"]
[Round "11"]
[TimeControl "180+2"]
[Date "2022.12.20"]
[WhiteClock "0:00:05"]
[BlackClock "0:00:03"]

1. e4 c5 2. Nf3 e6 3. d4 cxd4 4. Nxd4 Nc6 5. Nc3 a6 6. g4 Nxd4 7. Qxd4 Ne7 8. Be3 Nc6 9. Qd2 b5 10. O-O-O Bb7 11. h4 Bb4 12. a3 Be7 13. g5 b4 14. axb4 Nxb4 15. Qd4 Rc8 16. Qxg7 Rf8 17. Qd4 Bc5 18. Qxc5 Rxc5 19. Bxc5 Qa5 20. Bxf8 Kxf8 21. Kb1 d5 22. exd5 Bxd5 23. Rh3 Ba2+ 24. Kc1 Bd5 25. Bd3 Qa1+ 26. Kd2 Qxb2 27. Rb1 Qa3 28. Bxh7 Qa5 29. Re3 Qc5 30. Ne2 a5 31. c3 Nc6 32. Bc2 a4 33. h5 Na5 34. Ke1 Nc4 35. Rg3 Na3 36. Rb8+ Ke7 37. Bd3 Qc7 38. Rb4 Nc4 39. Rxa4 Nb2 40. Rd4 Qa5 41. Bc2 Qa1+ 42. Kd2 Nc4+ 43. Rxc4 Bxc4 44. h6 Qf1 45. Bd3 Bxd3 46. Kxd3 Qxf2 47. Kd2 Qh2 48. Ke3 e5 49. c4 Ke6 50. Rf3 Qh5 51. Rf6+ Ke7 52. Rf5 Ke6 53. Rf6+ Ke7 54. Rf5 1-0


[Site "https://www.chess.com"]

[Event "Titled Tuesday Blitz December 20 Early 2022"]
[White "Flawless_Fighter"]
[Black "WhiteKnight2612"]
[WhiteElo "2622"]
[BlackElo "2753"]
[Result "0-1"]
[Round "11"]
[TimeControl "180+2"]
[Date "2022.12.20"]
[WhiteClock "0:00:01"]
[BlackClock "0:00:50"]

1. d4 Nf6 2. Nf3 g6 3. c4 Bg7 4. Nc3 O-O 5. e4 d6 6. Be2 e5 7. d5 a5 8. O-O Na6 9. Be3 b6 10. Nd2 Nc5 11. Qc2 Bd7 12. b3 Ng4 13. Bxg4 Bxg4 14. a3 Bd7 15. b4 Nb7 16. Nb3 a4 17. Nd2 f5 18. f3 f4 19. Bf2 g5 20. g4 fxg3 21. hxg3 g4 22. Be3 gxf3 23. Rxf3 Rxf3 24. Nxf3 Qf6 25. Rf1 Rf8 26. Qg2 Qg6 27. Nh4 Qh5 28. Rxf8+ Bxf8 29. Qf3 Qxf3 30. Nxf3 Be7 31. Kf2 Nd8 32. Ne1 Nf7 33. Nd3 Ng5 34. c5 bxc5 35. bxc5 h5 36. c6 Bc8 37. Nb4 Kf7 38. Ke2 Kg6 39. Kd3 Nf3 40. Nxa4 Nh2 41. Nc3 Nf1 42. Bf2 Kg5 43. Ke2 Nh2 44. Nb5 Bd8 45. a4 Bg4+ 46. Kd3 Bh3 47. a5 Bf1+ 48. Kd2 Bxb5 49. a6 Bxa6 50. Nxa6 Kg4 51. Ke3 Nf1+ 52. Ke2 Nxg3+ 53. Bxg3 Kxg3 54. Nb8 Kg2 55. Nd7 h4 56. Nf8 h3 57. Ng6 h2 0-1


[Site "https://www.chess.com"]

[Event "Titled Tuesday Blitz December 20 Early 2022"]
[White "Forgacs, Gyula"]
[Black "HackingKid98"]
[WhiteFideId "701203"]
[WhiteElo "2305"]
[BlackElo "2488"]
[Result "1/2-1/2"]
[Round "11"]
[TimeControl "180+2"]
[Date "2022.12.20"]
[WhiteClock "0:00:04"]
[BlackClock "0:00:19"]

1. e4 Nf6 2. e5 Ng8 3. d4 d6 4. Nf3 Bg4 5. Be2 dxe5 6. dxe5 Qxd1+ 7. Bxd1 e6 8. Nc3 c6 9. h3 Bxf3 10. Bxf3 Nd7 11. Bf4 Ne7 12. Be4 Ng6 13. Bxg6 hxg6 14. O-O-O O-O-O 15. Ne4 Be7 16. Nd6+ Bxd6 17. Rxd6 Nb6 18. Rhd1 Nc4 19. R6d4 Nb6 20. Bg5 Rxd4 21. Rxd4 Nd7 22. Bf4 Rh5 23. Re4 Rh4 24. f3 g5 25. Bxg5 Rxe4 26. fxe4 Nxe5 27. b3 Nd7 28. Kd2 Kc7 29. Ke3 Kb6 30. c4 Kc5 31. Be7+ Kb6 32. h4 c5 33. g4 f6 34. Kf4 Kc6 35. g5 fxg5+ 36. Kxg5 Ne5 37. Bf8 Nf3+ 38. Kh5 g6+ 39. Kxg6 Nxh4+ 40. Kf6 Kd7 41. Bxc5 a6 42. b4 Nf3 43. Be3 Ne1 44. a4 Nc2 45. Bd2 Na3 46. c5 Nc2 47. Ke5 Ke7 48. b5 axb5 49. axb5 Na3 50. Bg5+ Kd7 51. c6+ bxc6 52. bxc6+ Kxc6 53. Kxe6 Nc4 54. Bf4 Kc5 55. Be5 Nd2 56. Bd6+ Kc6 57. e5 Nc4 58. Be7 Nxe5 1/2-1/2


[Site "https://www.chess.com"]

[Event "Titled Tuesday Blitz December 20 Early 2022"]
[White "GiorgianBarbosa"]
[Black "Toh, Terry"]
[BlackFideId "5800323"]
[WhiteElo "2484"]
[BlackElo "2394"]
[Result "1-0"]
[Round "11"]
[TimeControl "180+2"]
[Date "2022.12.20"]
[WhiteClock "0:00:46"]
[BlackClock "0:01:41"]

1. d4 Nf6 2. c4 c5 3. d5 e5 4. Nc3 d6 5. e4 Be7 6. Nf3 O-O 7. Be2 Ne8 8. O-O g6 9. Ne1 Ng7 10. Nd3 f5 11. a3 Nd7 12. b4 b6 13. Rb1 Nf6 14. bxc5 bxc5 15. f3 a6 16. Nf2 Bd7 17. Bd2 Qc7 18. Qc2 Rfb8 19. Rxb8+ Rxb8 20. Rb1 Rb7 21. Rxb7 Qxb7 22. Qb1 Qxb1+ 23. Nxb1 Bd8 24. Nc3 Kf7 25. Kf1 Nge8 26. Ke1 Bb6 27. Kd1 Nc7 28. Kc2 h5 29. Nh3 Ba5 30. Ng5+ Ke7 31. Nb1 Bxd2 32. Nxd2 f4 33. Kc3 Ba4 34. Nb3 Bxb3 35. Kxb3 Nd7 36. Ka4 Kf6 37. h4 Ke7 38. Ka5 Kf6 39. Bd1 Ke7 40. Ba4 Nb8 41. Kb6 Kd8 42. Ne6+ Nxe6 43. dxe6 Ke7 44. Kc7 1-0


[Site "https://www.chess.com"]

[Event "Titled Tuesday Blitz December 20 Early 2022"]
[White "Giorno, Sven"]
[Black "Harry_Rakkel"]
[WhiteFideId "20645082"]
[WhiteElo "2517"]
[BlackElo "2611"]
[Result "0-1"]
[Round "11"]
[TimeControl "180+2"]
[Date "2022.12.20"]
[WhiteClock "0:00:08"]
[BlackClock "0:00:06"]

1. d4 Nf6 2. c4 e6 3. Nf3 b6 4. g3 Ba6 5. b3 d5 6. cxd5 exd5 7. Bg2 Bd6 8. O-O O-O 9. Bf4 Re8 10. Re1 Bb4 11. Bd2 Bf8 12. Nc3 c5 13. Bg5 cxd4 14. Qxd4 Nc6 15. Qh4 d4 16. Bxf6 gxf6 17. Ne4 Bg7 18. Qf4 f5 19. Nd6 Rxe2 20. Rxe2 Bxe2 21. Nxf5 Qf6 22. Nd2 d3 23. Re1 Rc8 24. Bh3 Rd8 25. Ne4 Qe5 26. Qg5 Kh8 27. Nd2 Re8 28. Qh4 Qf6 29. Qa4 Re5 30. Ne3 Bh6 31. Ne4 Rxe4 32. Qxe4 d2 33. Qe8+ Kg7 34. Rd1 Bxe3 35. Qxe3 Bxd1 36. Qxd2 Bf3 37. Bf1 Ne5 38. Qe3 Bc6 39. f4 Nf3+ 40. Kf2 Qb2+ 41. Be2 Nd4 42. Qe5+ f6 43. Qe7+ Kg6 44. f5+ Kxf5 45. g4+ Kg5 46. Qe3+ Kg6 47. Qd3+ Kg7 48. Ke3 Qxe2+ 49. Qxe2 Nxe2 50. Kxe2 Kh6 51. Ke3 Kg5 52. h3 Bd7 53. Kf3 f5 54. Kg3 fxg4 55. hxg4 h6 56. Kf2 Bxg4 0-1


[Site "https://www.chess.com"]

[Event "Titled Tuesday Blitz December 20 Early 2022"]
[White "GregLeBarbare"]
[Black "Djeno, Drago"]
[BlackFideId "14400421"]
[WhiteElo "2242"]
[BlackElo "2223"]
[Result "0-1"]
[Round "11"]
[TimeControl "180+2"]
[Date "2022.12.20"]
[WhiteClock "0:00:02"]
[BlackClock "0:01:37"]

1. d4 Nf6 2. Bf4 c5 3. e3 Nd5 4. Bg3 Qb6 5. Nc3 Nxc3 6. bxc3 Qa5 7. Qd2 g6 8. Nf3 Bg7 9. Be2 d6 10. O-O O-O 11. Rfd1 Nc6 12. c4 Qxd2 13. Rxd2 Bg4 14. c3 Na5 15. h3 Be6 16. Rb2 b6 17. Nd2 Rac8 18. Rc1 Rfd8 19. Rbb1 Bf5 20. e4 Be6 21. d5 Bd7 22. f4 Ba4 23. Bd1 Be8 24. Be2 h5 25. Nf3 Bd7 26. Rc2 Rc7 27. Re1 Bc8 28. Bd3 Ba6 29. Nd2 Bh6 30. Bh2 e6 31. g3 Re7 32. Rcc1 Rde8 33. Kf2 Bg7 34. g4 hxg4 35. hxg4 g5 36. f5 Rd8 0-1


[Site "https://www.chess.com"]

[Event "Titled Tuesday Blitz December 20 Early 2022"]
[White "Groz, Jacky"]
[Black "Legendinunknown"]
[WhiteFideId "626643"]
[WhiteElo "2052"]
[BlackElo "2731"]
[Result "1/2-1/2"]
[Round "11"]
[TimeControl "180+2"]
[Date "2022.12.20"]
[WhiteClock "0:00:04"]
[BlackClock "0:00:09"]

1. e4 e5 2. Nf3 Nc6 3. Bc4 d6 4. d4 Nf6 5. Ng5 d5 6. exd5 Nxd4 7. O-O Bd6 8. f4 O-O 9. c3 Nf5 10. fxe5 Bxe5 11. Nf3 Bd6 12. Nd4 Nxd4 13. Qxd4 Qe7 14. Kh1 Ng4 15. Bf4 Bxf4 16. Qxf4 Qe3 17. Nd2 Bd7 18. Rae1 Qxf4 19. Rxf4 Rae8 20. Rxe8 Rxe8 21. Nf3 Ne3 22. h3 Kf8 23. Bb3 f6 24. Kg1 Nf5 25. Kf2 Nd6 26. Nd2 a5 27. c4 b6 28. Bc2 Kg8 29. Rf3 Re5 30. Re3 Nf7 31. Nf3 Rxe3 32. Kxe3 g6 33. b3 Kf8 34. Kd4 Ke7 35. a3 Kd6 36. b4 axb4 37. axb4 c5+ 38. dxc6 Bxc6 39. c5+ bxc5+ 40. bxc5+ Kc7 41. Nd2 Bxg2 42. h4 Ne5 43. Be4 Nc6+ 44. Kd5 Bh3 45. Nf3 Bc8 46. h5 f5 47. hxg6 hxg6 48. Bb1 Bb7 49. Nh4 Nd8+ 50. Ke5 Be4 51. Bxe4 fxe4 52. Kxe4 Kc6 53. Nxg6 Kxc5 1/2-1/2


[Site "https://www.chess.com"]

[Event "Titled Tuesday Blitz December 20 Early 2022"]
[White "Hansch, Karsten"]
[Black "NovikovaGalina"]
[WhiteFideId "24692239"]
[WhiteElo "2248"]
[BlackElo "2400"]
[Result "1-0"]
[Round "11"]
[TimeControl "180+2"]
[Date "2022.12.20"]
[WhiteClock "0:00:22"]
[BlackClock "0:00:03"]

1. e4 e6 2. d4 d5 3. e5 c5 4. c3 Nc6 5. Nf3 Bd7 6. Be2 f6 7. O-O Qc7 8. Re1 O-O-O 9. Bf4 h6 10. Bg3 f5 11. h4 g5 12. hxg5 hxg5 13. Nxg5 Nh6 14. Nd2 Be7 15. f4 Rdg8 16. Ndf3 Ng4 17. Rc1 Rg7 18. a3 Qd8 19. b4 Qe8 20. bxc5 Qh5 21. Nh3 Ne3 22. Nfg5 Ng4 23. Rb1 Na5 24. c4 Bxg5 25. fxg5 Nxc4 26. Bxc4 dxc4 27. d5 exd5 28. Rxb7 Kxb7 29. Qxd5+ Kc8 30. Qa8+ Kc7 31. e6+ 1-0


[Site "https://www.chess.com"]

[Event "Titled Tuesday Blitz December 20 Early 2022"]
[White "Harsha_Bharathakoti"]
[Black "von Klitzing, Ole"]
[BlackFideId "34618821"]
[WhiteElo "2867"]
[BlackElo "1564"]
[Result "1/2-1/2"]
[Round "11"]
[TimeControl "180+2"]
[Date "2022.12.20"]
[WhiteClock "0:00:19"]
[BlackClock "0:00:15"]

1. b3 a5 2. a4 Nf6 3. Bb2 Nc6 4. Nf3 d5 5. e3 Bg4 6. h3 Bxf3 7. Qxf3 e5 8. Bb5 Bd6 9. Bxc6+ bxc6 10. d3 O-O 11. Nd2 Qe7 12. O-O Rfe8 13. e4 d4 14. g3 Qe6 15. Kg2 Nd7 16. Qg4 Nb6 17. Qxe6 Rxe6 18. Rae1 Bb4 19. Re2 Bxd2 20. Rxd2 c5 21. f4 f6 22. Rdf2 Rb8 23. Bc1 Nd7 24. Bd2 Ra6 25. g4 exf4 26. Bxf4 Rc6 27. Bd2 Ra6 28. Rf5 h6 29. h4 Re8 30. Rd5 Re7 31. g5 hxg5 32. hxg5 Kf7 33. gxf6 gxf6 34. Rh1 Ke6 35. Bf4 Rg7+ 36. Kf2 Rc6 37. Rh8 Ke7 38. Bh6 Rf7 39. Bd2 Ra6 40. Rc8 Ra7 41. Rh8 Ra6 42. Bc1 Rc6 43. Ba3 Ke6 44. Re8+ Re7 45. Rxe7+ Kxe7 46. Rxd4 Nb6 47. e5 fxe5 48. Rh4 Rf6+ 49. Ke2 Kd6 50. Rh8 Nd5 51. Ra8 Rh6 52. Ra6+ c6 53. Rxa5 Rh2+ 54. Kf3 Rxc2 55. Ke4 Nf6+ 56. Kf5 Nd7 57. Ra8 Rc3 58. a5 Rxb3 59. Bc1 Rxd3 60. Ke4 Rd4+ 61. Ke3 Ra4 62. Kd3 c4+ 63. Kc3 Nc5 64. Bh6 Ne4+ 65. Kb2 Rb4+ 66. Kc2 c3 67. Bc1 Ra4 68. Kb3 Nc5+ 69. Kc2 Kc7 70. Kxc3 Kb7 71. Re8 Ne4+ 72. Kd3 Nd6 73. Re7+ Ka6 74. Bd2 Rd4+ 75. Ke2 Nc4 76. Bc3 Rd5 77. Re6 Nxa5 78. Bxa5 Kxa5 79. Rxc6 Kb5 80. Rc2 Rc5 81. Rxc5+ Kxc5 82. Ke3 Kd5 83. Kd3 e4+ 84. Ke3 Ke5 85. Ke2 Kd4 86. Kd2 e3+ 87. Ke2 Ke4 88. Ke1 Kd5 89. Ke2 Kd4 90. Ke1 Ke4 91. Ke2 Kf4 92. Ke1 Ke5 93. Ke2 Kd4 94. Ke1 Kd3 95. Kd1 e2+ 96. Ke1 Ke4 97. Kxe2 1/2-1/2


[Site "https://www.chess.com"]

[Event "Titled Tuesday Blitz December 20 Early 2022"]
[White "Huda, Maryana"]
[Black "HashtagChess"]
[WhiteFideId "14116553"]
[WhiteElo "2160"]
[BlackElo "1812"]
[Result "1-0"]
[Round "11"]
[TimeControl "180+2"]
[Date "2022.12.20"]
[WhiteClock "0:01:02"]
[BlackClock "0:00:01"]

1. d4 d5 2. c4 c6 3. Nc3 Nf6 4. cxd5 cxd5 5. Nf3 Nc6 6. Bf4 a6 7. e3 e6 8. Be2 Bd6 9. Ne5 O-O 10. O-O h6 11. Nxc6 bxc6 12. Bxd6 Qxd6 13. Na4 a5 14. Qc2 Ba6 15. Bxa6 Rxa6 16. Nc5 Rb6 17. Rfc1 Rfb8 18. b3 Nd7 19. Na4 Ra6 20. Qd3 Ra7 21. Qc3 Rc7 22. Qxa5 Rbc8 23. Nc5 Nxc5 24. Qxc5 Qd8 25. a4 Rb8 26. b4 Rcb7 27. Rcb1 Qc7 28. g3 Kh7 29. Rb2 e5 30. Rab1 exd4 31. Qxd4 Qd6 32. b5 cxb5 33. axb5 Qd7 34. b6 Qc6 35. Rb5 1-0


[Site "https://www.chess.com"]

[Event "Titled Tuesday Blitz December 20 Early 2022"]
[White "Jalapeno_Tractor_Schuppen"]
[Black "Boudreaux, Floyd"]
[BlackFideId "2016370"]
[WhiteElo "2631"]
[BlackElo "2088"]
[Result "1-0"]
[Round "11"]
[TimeControl "180+2"]
[Date "2022.12.20"]
[WhiteClock "0:00:34"]
[BlackClock "0:00:19"]

1. d4 c6 2. c4 d5 3. Nf3 e6 4. e3 Nd7 5. b3 f5 6. h3 Ngf6 7. g4 Ne4 8. Bd3 Bb4+ 9. Ke2 O-O 10. a3 Bd6 11. Qc2 Ndf6 12. Rg1 Kh8 13. Bb2 b6 14. Ne5 Bb7 15. Nd2 Rc8 16. Ndf3 c5 17. g5 Nd7 18. g6 Nxe5 19. dxe5 Be7 20. gxh7 Qe8 21. Ke1 Qh5 22. Be2 Qxh3 23. Rg6 f4 24. cxd5 Bxd5 25. Qd3 Rcd8 26. exf4 Rxf4 27. Qe3 Rdf8 28. Ng1 Qh1 29. Kd1 Rxf2 30. Rc1 Bxb3+ 31. Qxb3 Rg2 32. Rxg2 Qxg2 33. Kc2 c4 34. Qxc4 b5 35. Qxe6 Bg5 36. Rf1 Rd8 37. Rd1 Rxd1 38. Qg8# 1-0


[Site "https://www.chess.com"]

[Event "Titled Tuesday Blitz December 20 Early 2022"]
[White "Jenkins, Drake"]
[Black "annacramling"]
[WhiteFideId "2022397"]
[WhiteElo "2130"]
[BlackElo "2219"]
[Result "0-1"]
[Round "11"]
[TimeControl "180+2"]
[Date "2022.12.20"]
[WhiteClock "0:00:06"]
[BlackClock "0:00:05"]

1. Nf3 c5 2. c4 Nc6 3. d4 cxd4 4. Nxd4 Nf6 5. Nc3 e6 6. Nc2 d5 7. cxd5 exd5 8. e3 Be6 9. Be2 Bd6 10. O-O O-O 11. b3 Rc8 12. Bb2 Ne5 13. h3 a6 14. Nd4 Nc6 15. Nxe6 fxe6 16. Rc1 Bb8 17. Bd3 Qd6 18. g3 Ne5 19. Ne2 Nf3+ 20. Kg2 Rxc1 21. Qxc1 Nh5 22. Nf4 Nxf4+ 23. exf4 Nh4+ 24. Kh1 d4 25. Ba3 Qd5+ 26. f3 Nxf3 27. Bxf8 Ne1+ 28. Be4 Qxe4+ 29. Kg1 Qg2# 0-1


[Site "https://www.chess.com"]

[Event "Titled Tuesday Blitz December 20 Early 2022"]
[White "JohnWhite1952"]
[Black "Jovanovic, Dobrica"]
[BlackFideId "928674"]
[WhiteElo "1978"]
[BlackElo "2164"]
[Result "0-1"]
[Round "11"]
[TimeControl "180+2"]
[Date "2022.12.20"]
[WhiteClock "0:00:02"]
[BlackClock "0:00:18"]

1. e4 c5 2. Nf3 g6 3. d4 cxd4 4. Nxd4 Nc6 5. Nc3 Nf6 6. Be3 Bg7 7. Be2 O-O 8. O-O d5 9. exd5 Nxd5 10. Nxd5 Qxd5 11. Bf3 Qd7 12. Nxc6 bxc6 13. Qxd7 Bxd7 14. c3 Rab8 15. Rab1 Bf5 16. Rbd1 Rxb2 17. Bxc6 Bxc3 18. Bxa7 Rxa2 19. Be3 Bf6 20. Bf3 Be6 21. Rc1 Rd8 22. Rfd1 Rxd1+ 23. Rxd1 Ra1 24. Rxa1 Bxa1 25. Bc5 Bf6 26. Kf1 Bf5 27. Ke2 e5 28. Bd5 Kg7 29. f3 Bg5 30. Bb3 Bd7 31. Bb4 Bb5+ 32. Ke1 f5 33. Bc3 Bf6 34. Kf2 Be8 35. g3 Bf7 36. Bxf7 Kxf7 37. Ke3 Ke6 38. Kf2 Be7 39. Ke3 Bc5+ 40. Kd3 Kd5 41. h3 h5 42. Be1 e4+ 43. fxe4+ fxe4+ 44. Ke2 Ke5 45. Bd2 Kf5 46. Bf4 g5 47. Bc7 g4 48. hxg4+ hxg4 49. Bf4 Bd4 50. Kd2 Be5 51. Ke3 Bxf4+ 52. gxf4 g3 0-1


[Site "https://www.chess.com"]

[Event "Titled Tuesday Blitz December 20 Early 2022"]
[White "Kazgildy, Fariza"]
[Black "RamonManon0g"]
[WhiteFideId "13724860"]
[WhiteElo "1189"]
[BlackElo "2372"]
[Result "1-0"]
[Round "11"]
[TimeControl "180+2"]
[Date "2022.12.20"]
[WhiteClock "0:00:17"]
[BlackClock "0:00:06"]

1. e4 c5 2. Nf3 d6 3. d4 cxd4 4. Nxd4 Nf6 5. Nc3 a6 6. Bg5 Nbd7 7. f4 h6 8. Bh4 Qc7 9. Qf3 g5 10. fxg5 hxg5 11. Bxg5 Qc5 12. Be3 Ne5 13. Qe2 Bg4 14. Qd2 Nc4 15. Bxc4 Qxc4 16. Qd3 Qb4 17. a3 Qa5 18. Nb3 Qh5 19. h3 Bh6 20. Rf1 Be6 21. Bxh6 Rxh6 22. Nd4 Rc8 23. Nxe6 fxe6 24. Qf3 Qh4+ 25. Qf2 Nxe4 26. Qxh4 Rxh4 27. Nxe4 Rxe4+ 28. Kd2 Rc5 29. Rae1 Rd5+ 30. Kc1 Rh4 31. Rxe6 Rg5 32. Re2 Rh7 33. Ref2 Rhg7 34. g4 Rh7 35. Rf3 Kd7 36. Kd2 e5 37. Rh1 Rxg4 38. hxg4 Rxh1 39. Rf7+ Kc6 40. g5 Rg1 41. Rg7 d5 42. c3 e4 43. Ke3 Rg2 44. b4 Rg3+ 45. Kd4 Rd3+ 46. Ke5 e3 47. Kf4 e2 48. Re7 Rxc3 49. Rxe2 Rxa3 50. g6 Rh3 51. g7 Rh4+ 52. Kg3 Rxb4 53. g8=Q Rb3+ 54. Kf4 Rb4+ 55. Ke5 Rb5 56. Rc2+ Kb6 57. Qd8+ Ka7 58. Rc8 d4+ 59. Kxd4 Rb4+ 60. Kc3 1-0


[Site "https://www.chess.com"]

[Event "Titled Tuesday Blitz December 20 Early 2022"]
[White "Kirillov-Dmitry"]
[Black "LileKoridze"]
[WhiteElo "2444"]
[BlackElo "2345"]
[Result "1-0"]
[Round "11"]
[TimeControl "180+2"]
[Date "2022.12.20"]
[WhiteClock "0:00:08"]
[BlackClock "0:00:05"]

1. e4 c5 2. Nc3 Nc6 3. f4 a6 4. a4 e6 5. Bc4 Nge7 6. e5 d5 7. exd6 Qxd6 8. d3 Nd5 9. Ne4 Qc7 10. Ne2 Rb8 11. N4c3 Nxc3 12. Nxc3 Be7 13. O-O O-O 14. Be3 Rd8 15. f5 Nd4 16. fxe6 Bxe6 17. Bxe6 Nxe6 18. Qf3 Bg5 19. Rae1 Bxe3+ 20. Rxe3 Nd4 21. Qf2 Re8 22. Ne4 f5 23. Ng5 h6 24. Nf3 Rxe3 25. Qxe3 Nxc2 26. Qe6+ Kh7 27. Qxf5+ Kg8 28. Ne5 Ne3 29. Qe6+ Kh7 30. Rf7 Qc8 31. Qg6+ Kh8 32. Qxg7# 1-0


[Site "https://www.chess.com"]

[Event "Titled Tuesday Blitz December 20 Early 2022"]
[White "Kopylov_Alex"]
[Black "Haimov, Elchanan"]
[BlackFideId "2835916"]
[WhiteElo "2790"]
[BlackElo "1707"]
[Result "1-0"]
[Round "11"]
[TimeControl "180+2"]
[Date "2022.12.20"]
[WhiteClock "0:02:21"]
[BlackClock "0:02:09"]

1. e4 c6 2. d3 d5 3. Nd2 g6 4. g3 Bg7 5. Bg2 e5 6. Ngf3 Ne7 7. O-O f5 8. Re1 fxe4 9. dxe4 d4 10. c3 c5 11. Qb3 Nbc6 12. Ng5 Rf8 13. Nxh7 Rh8 14. Ng5 Rf8 15. Ne6 Bxe6 16. Qxe6 Rf6 17. Qb3 Qc7 18. Nc4 O-O-O 19. Bg5 Rff8 20. Rac1 Kb8 21. Qb5 dxc3 22. bxc3 b6 23. a4 Bf6 24. Be3 Kc8 25. Bh3+ 1-0


[Site "https://www.chess.com"]

[Event "Titled Tuesday Blitz December 20 Early 2022"]
[White "Korchmar_Vasiliy"]
[Black "Rakhmanov_Aleksandr"]
[WhiteElo "2703"]
[BlackElo "2797"]
[Result "1-0"]
[Round "11"]
[TimeControl "180+2"]
[Date "2022.12.20"]
[WhiteClock "0:00:03"]
[BlackClock "0:00:07"]

1. e4 c5 2. Nf3 Nf6 3. e5 Nd5 4. Nc3 Nxc3 5. dxc3 Nc6 6. Bf4 Qb6 7. Rb1 e6 8. Bd3 Qc7 9. Bg3 h6 10. Be4 b6 11. O-O Bb7 12. Nd2 O-O-O 13. Nc4 Kb8 14. Re1 Be7 15. b4 h5 16. h3 cxb4 17. Nd6 h4 18. Bh2 Bxd6 19. exd6 Qc8 20. cxb4 f5 21. Bf3 g5 22. c4 g4 23. hxg4 h3 24. gxf5 exf5 25. c5 hxg2 26. cxb6 Rdg8 27. bxa7+ Ka8 28. Qd2 Rxh2 29. Kxh2 Rg6 30. Bh5 Qh8 31. Kg1 Qxh5 32. Re8+ Bc8 33. Rxc8+ Kxa7 34. Qe3+ Kb7 35. Rc7+ Ka8 36. Qa3+ Kb8 37. Rc8+ Kxc8 38. Qa8+ Nb8 39. Rc1+ Kd8 40. Qxb8# 1-0


[Site "https://www.chess.com"]

[Event "Titled Tuesday Blitz December 20 Early 2022"]
[White "Kucherov, Konstantin"]
[Black "Dreux, Vincent"]
[WhiteFideId "34136280"]
[BlackFideId "658960"]
[WhiteElo "1983"]
[BlackElo "1937"]
[Result "0-1"]
[Round "11"]
[TimeControl "180+2"]
[Date "2022.12.20"]
[WhiteClock "0:00:08"]
[BlackClock "0:00:07"]

1. d4 d5 2. c4 e6 3. Nc3 c6 4. e3 f5 5. g4 Nf6 6. gxf5 exf5 7. Bd3 Be6 8. b3 Ne4 9. Qc2 Bb4 10. Ne2 O-O 11. Bb2 Qh4 12. Nf4 Bf7 13. a3 Bd6 14. Ng2 Qh3 15. Bf1 Qf3 16. Qe2 Bh5 17. Qxf3 Bxf3 18. h4 Nxc3 19. Bxc3 Nd7 20. Rg1 Nf6 21. Be2 Bxe2 22. Kxe2 Ne4 23. Bb2 f4 24. Nxf4 Bxf4 25. exf4 Rxf4 26. f3 Nd6 27. cxd5 cxd5 28. Rg4 Re8+ 29. Kf2 Ne4+ 30. Kg2 Rxg4+ 31. fxg4 Rf8 32. Rf1 Rxf1 33. Kxf1 Nd2+ 34. Ke2 Nxb3 35. Ke3 Na5 36. Bc1 Kf7 37. Kd3 Ke6 38. Kc3 Nc6 39. Be3 b5 40. Kb3 g6 41. a4 a6 42. axb5 axb5 43. Kc3 h5 44. gxh5 gxh5 45. Bg5 Kf5 46. Kd3 b4 47. Be3 b3 48. Kc3 Ke4 49. Bf2 b2 50. Kxb2 Kd3 51. Kc1 Nxd4 52. Kd1 Nf5 53. Ke1 d4 54. Kd1 Ke4 55. Ke2 d3+ 56. Kd2 Nd6 57. Bg3 Nc4+ 58. Kd1 Ke3 59. Be1 Nb2+ 60. Kc1 Ke2 61. Bb4 Nc4 62. Bc3 d2+ 63. Bxd2 Nxd2 64. Kc2 Nf3 0-1


[Site "https://www.chess.com"]